 Dungeon Crawl Stone Soup version 0.21-a0-221-gfe971b9 (console) character file.

131 Duffy the Scratcher (level 4, -1/33 HPs)
             Began as a Felid Chaos Knight on Aug 27, 2017.
             Killed from afar by a guardian serpent (3 damage)
             ... with a bolt of poison
             ... on level 2 of the Abyss.
             The game lasted 00:06:47 (4925 turns).

Duffy the Scratcher (Felid Chaos Knight)            Turns: 4925, Time: 00:06:48

Health: -1/33      AC: 22    Str: 13    XL:     4   Next: 91%
Magic:  5/5        EV:  4    Int: 18    God:    Xom [.....*]
Gold:   270        SH:  0    Dex: 22    Spells: 3/3 levels left
                                        Lives:  0   Deaths: 1

rFire    . . .     SeeInvis +     - Unarmed
rCold    . . .     Gourm    .   (shield unavailable)
rNeg     + + +     Faith    .   (armour unavailable)
rPois    +         Spirit   .   (helmet unavailable)
rElec    .         Reflect  .   (cloak unavailable)
rCorr    .         Harm     .   (gloves unavailable)
MR       .....     NoTele   +   (boots unavailable)
Stlth    ++++......             (no amulet)
HPRegen  0.11/turn              (no ring)
MPRegen  0.09/turn              (no ring)

@: mighty, brilliant, agile, lethally poisoned (-1 -> -30), tree-form, slowed,
very slow
A: no armour, no weapons or thrown items, stealth, see invisible, carnivore 3,
slow metabolism 1
a: Renounce Religion


You were on level 2 of the Abyss.
You worshipped Xom.
You were Xom's teddy bear.
You were not hungry.
You were a tree.
You visited 1 branch of the dungeon, and saw 4 of its levels.
You visited the Abyss 1 time.

You collected 270 gold pieces.

Inventory:

Wands
 h - a wand of random effects (32/48)
Scrolls
 e - a scroll of remove curse
 g - a scroll of immolation
Comestibles
 a - 2 meat rations


   Skills:
 + Level 4.0 Fighting
 + Level 4.3 Dodging
 + Level 3.8 Stealth
 * Level 4.8 Unarmed Combat


You had 3 spell levels left.
You didn't know any spells.

Dungeon Overview and Level Annotations

Branches:
Dungeon (4/15)
 Temple: D:4-7

Altars:
Dithmenos
Elyvilon
Nemelex Xobeh
Okawaru
Uskayaw
Xom
Yredelemnul
The Shining One


Innate Abilities, Weirdness & Mutations

You cannot wear armour.
You are incapable of wielding weapons or throwing items.
Your paws allow you to move quietly. (Stealth)
((You have sharp claws.))
((You have razor-sharp teeth.))
You have supernaturally acute eyesight. (SInv)
You are carnivorous and can eat meat at any time.
((You cover ground quickly.))
((You are covered in fur. (AC +1)))
You have a slow metabolism.
((Your sharp claws are effective at attacking unaware monsters.))


Message History

The guardian serpent casts a spell at you.
Helpless, you fail to dodge the bolt of poison.
You are poisoned.
You resist.
You completely miss the guardian serpent.
You feel sick.
The guardian serpent hits you but does no damage.
You hit the guardian serpent.
The guardian serpent is lightly wounded.
The guardian serpent coils itself and waves its upper body at you.
You feel yourself slow down.
You pummel the guardian serpent!!
The guardian serpent is heavily wounded.
You feel sick. The guardian serpent hits you!
The guardian serpent coils itself and waves its upper body at you.
Helpless, you fail to dodge the bolt of poison.
You are more poisoned.
You resist.
You die...
Xom cackles wildly!

##....... ...
.......... ....
#........###...#
..........#.....
#...............
#................
##...............
####.....7.#.
#.##.....S###...
# .........#....
##...............
................
#.............. .
#.........#.....
#.........###...#
#..##.. ....# ...


You could see a guardian serpent.

Vanquished Creatures
  A boggart (D:2)
  A quasit (Abyss:1)
  2 orc wizards
  A worker ant zombie (D:3)
  3 adders
  An ooze (D:1)
  A worm (D:2)
  3 dart slugs
  4 leopard geckos
  7 orcs
  10 hobgoblins
  4 jackals (D:3)
  3 ball pythons
  8 bats
  A frilled lizard (D:4)
  9 goblins
  3 kobolds
  2 rats
64 creatures vanquished.

Vanquished Creatures (collateral kills)
  2 goblins (D:2)
2 creatures vanquished.

Vanquished Creatures (others)
  5 starspawn tentacles (Abyss:1)
5 creatures vanquished.

Grand Total: 71 creatures vanquished

Notes
Turn   | Place    | Note
-------+----------+-------------------------------------------
     0 | D:1      | Duffy the Felid Chaos Knight began the quest for the Orb.
     0 | D:1      | Reached XP level 1. HP: 10/10 MP: 2/2
   546 | D:1      | Reached XP level 2. HP: 10/14 MP: 3/3
   559 | D:1      | Reached skill level 1 in Stealth
   944 | D:1      | XOM: cloud trail
  1090 | D:1      | XOM is BORED!
  1090 | D:1      | XOM: mild Fire miscast
  1422 | D:1      | XOM: cloud trail
  1432 | D:1      | Reached XP level 3. HP: 17/17 MP: 4/4
  1703 | D:2      | XOM: butterfly on damage
  1719 | D:2      | XOM: noise
  1767 | D:2      | XOM: summons friendly crimson imp
  1874 | D:2      | Noticed a boggart
  1874 | D:2      | a worm changed into a boggart
  1874 | D:2      | XOM: polymorph worm -> boggart
  1876 | D:2      | XOM: enchant monster (good)
  1921 | D:2      | Killed a boggart
  1921 | D:2      | Reached XP level 4. HP: 17/21 MP: 5/5
  2002 | D:2      | Found an iron altar of Okawaru.
  2124 | D:2      | Found a hide-covered altar of Uskayaw.
  2267 | D:2      | XOM: summons 2 hostile shadow creatures
  2384 | D:2      | Found a shadowy altar of Dithmenos.
  2478 | D:2      | Found a glowing golden altar of the Shining One.
  2798 | D:2      | XOM is BORED!
  2798 | D:2      | XOM: summons 4 hostile shadow creatures
  3051 | D:3      | Found a shimmering altar of Xom.
  3052 | D:3      | Found a shimmering altar of Xom.
  3332 | D:3      | Reached XP level 5. HP: 24/24 MP: 6/6
  3714 | D:3      | Found a sparkling altar of Nemelex Xobeh.
  3745 | D:3      | Found a basalt altar of Yredelemnul.
  4053 | D:3      | XOM: medium Conj miscast
  4075 | D:3      | XOM: harmless Hex miscast
  4224 | D:3      | Found a white marble altar of Elyvilon.
  4513 | D:3      | XOM: medium Tloc miscast
  4513 | D:3      | Cast into level 1 of the Abyss (the severe capriciousness of Xom)
  4579 | Abyss:1  | Noticed a large abomination
  4611 | Abyss:1  | Noticed a large abomination
  4613 | Abyss:1  | Noticed a wretched star
  4715 | Abyss:1  | Noticed a tentacled starspawn
  4716 | Abyss:1  | XOM: summons 5 friendly demons
  4759 | Abyss:1  | XOM: polymorph iron imp -> quasit
  4760 | Abyss:1  | XOM: scenery: create altars
  4779 | Abyss:1  | Noticed a bone dragon
  4786 | Abyss:1  | Noticed a tentacled starspawn
  4802 | Abyss:1  | Noticed a chaos spawn
  4814 | Abyss:1  | XOM: enchant monster (good)
  4823 | Abyss:1  | XOM: summons friendly white imp
  4830 | Abyss:1  | Noticed a guardian serpent
  4834 | Abyss:1  | Noticed a cacodemon
  4834 | Abyss:1  | XOM: summons friendly shadow imp
  4853 | Abyss:1  | Noticed a thrashing horror
  4868 | Abyss:1  | Noticed a thrashing horror
  4871 | Abyss:1  | Slain by a thrashing horror
  4872 | Abyss:1  | Reached XP level 4. HP: -3/22 MP: 5/5
  4885 | Abyss:2  | Noticed a smoke demon
  4909 | Abyss:2  | Noticed a small abomination
  4909 | Abyss:2  | Noticed a guardian serpent
  4925 | Abyss:2  | Killed from afar by a guardian serpent

Vault maps used:
D:1:      ncdulo_smallfort, grunt_decor_resistance, amethyst_killhole,
          minmay_heptomino_h4
D:2:      grunt_dithmenos_smoke_and_mirrors, overflow_temple_1_default,
          tso_oasis_becter, okawaru_gym_becter
D:3:      kennysheep_ying_yang, lemuel_doored_altar, first_bread,
          xom_redecorated
D:4:      grunt_temple_overflow_gold_and_silver, serial_shops, shop, shop,
          serial_bayou_lagoon_a

Skill      XL: |  1  2  3  4  5 |
---------------+----------------+-----
Stealth        | 1 3 |  3.8
Dodging        | 4 |  4.3
Unarmed Combat | 4 |  4.8
Fighting       | 4 |  4.0

Action                   |  1- 3 |  4- 6 || total
-------------------------+-------+-------++-------
Melee: Unarmed           |    94 |   166 ||   260
       Bite              |     8 |    14 ||    22
       Punch             |     3 |       ||     3
  Use: Scroll            |     4 |     3 ||     7
       Potion            |       |     6 ||     6
 Stab: Sleeping          |     6 |     5 ||    11
       Distracted        |       |     2 ||     2
  Eat: Chunk             |     9 |     5 ||    14
Armor: Skin              |     6 |    10 ||    16
Dodge: Dodged            |    70 |   175 ||   245

Table legend:
 A = Spawn XP
 B = Non-spawn XP
 C = Spawn XP percentage of total XP
 D = Spawn monster count
 E = Non-spawn monster count
 F = Spawn count percentage of total count
 G = Total turns spent on level
                    A         B        C        D         E        F      G
               +---------+---------+-------+---------+---------+-------+---------
         Total |      12 |     354 |   3.3 |       6 |      60 |   9.1 |  4925
               +---------+---------+-------+---------+---------+-------+---------
           D:1 |       5 |      41 |  10.9 |       2 |      19 |   9.5 |  1735
           D:2 |       5 |     156 |   3.1 |       3 |      15 |  16.7 |  1391
           D:3 |       2 |     109 |   1.8 |       1 |      23 |   4.2 |  1314
           D:4 |       0 |       3 |   0.0 |       0 |       2 |   0.0 |    73
       Abyss:1 |       0 |      45 |   0.0 |       0 |       1 |   0.0 |   364
               +---------+---------+-------+---------+---------+-------+---------
